 Dungeon Crawl Stone Soup version 0.21.1-1-g345015f (webtiles) character file.

333 inc the Conjurer (level 6, 24/24 HPs)
             Began as a Felid Wizard on Feb 28, 2018.
             Quit the game on level 5 of the Dungeon.
             The game lasted 00:15:09 (6455 turns).

inc the Conjurer (Felid Wizard)                     Turns: 6455, Time: 00:15:09

Health: 24/24      AC:  2    Str:  3    XL:     6   Next: 27%
Magic:  13/13      EV: 18    Int: 21    God:
Gold:   243        SH:  0    Dex: 15    Spells: 0/13 levels left
                                        Lives:  1   Deaths: 1

rFire    . . .     SeeInvis +   (weapon unavailable)
rCold    + . .     Gourm    .   (shield unavailable)
rNeg     . . .     Faith    .   (armour unavailable)
rPois    .         Spirit   .   (helmet unavailable)
rElec    .         Reflect  .   (cloak unavailable)
rCorr    .         Harm     .   (gloves unavailable)
MR       .....                  (boots unavailable)
Stlth    +++.......             e - amulet of regeneration
HPRegen  0.48/turn              i - ring of protection from cold
MPRegen  0.13/turn              (no ring)

@: quick
A: very small, no armour, no weapons or thrown items, stealth, claws 1, fangs 3,
see invisible, carnivore, speed 1, shaggy fur 2, slow metabolism 1, sharp paws
a: no special abilities


You were on level 5 of the Dungeon.
You were not hungry.

You visited 1 branch of the dungeon, and saw 5 of its levels.

You collected 243 gold pieces.

Inventory:

Jewellery
 c - an uncursed ring of ice
 e - an amulet of regeneration (around neck)
 i - a ring of protection from cold (left paw)
 q - an uncursed amulet of faith
Wands
 m - a wand of enslavement (8)
 o - a wand of paralysis (6)
Scrolls
 j - 3 scrolls of remove curse {unknown}
 l - a scroll of blinking {unknown}
Potions
 d - 3 potions of heal wounds
 f - 3 potions of curing
 g - a potion of degeneration
 h - 2 potions of berserk rage
 n - a potion of flight {unknown}
 p - a potion of brilliance
Books
 a - a book of Minor Magic

   Spells                             Type                      Level
   a - Magic Dart                     Conjuration                  1
   b - Blink                          Translocation                2
   c - Call Imp                       Summoning                    2
   d - Slow                           Hexes                        2
   e - Conjure Flame                  Conjuration/Fire             3
   f - Mephitic Cloud                 Conjuration/Poison/Air       3
Comestibles
 b - 6 rations


   Skills:
 - Level 3.0 Dodging
 - Level 3.3 Stealth
 - Level 4.3 Spellcasting
 + Level 5.0 Conjurations
 - Level 4.1 Summonings
 - Level 1.5 Translocations


You couldn't memorise any spells.
You knew the following spells:

 Your Spells              Type           Power        Failure   Level  Hunger
a - Magic Dart            Conj           ####         1%          1    None
b - Call Imp              Summ           ###.....     3%          2    #......
c - Mephitic Cloud        Conj/Pois/Air  ##......     17%         3    ##.....
d - Slow                  Hex            #.......     17%         2    #......
e - Blink                 Tloc           N/A          10%         2    #......
f - Conjure Flame         Conj/Fire      ###.....     12%         3    ##.....


Dungeon Overview and Level Annotations

Branches:
Dungeon (5/15)
 Temple: D:4-7

Altars:


Innate Abilities, Weirdness & Mutations

You cannot wear armour.
You are incapable of wielding weapons or throwing items.
Your paws allow you to move quietly. (Stealth)
You have sharp claws.
You have razor-sharp teeth.
You have supernaturally acute eyesight. (SInv)
You are carnivorous and can eat meat at any time.
You cover ground quickly.
You are covered in thick fur. (AC +2)
You have a slow metabolism.
Your sharp claws are effective at attacking unaware monsters.


Message History

You blink.
The centaur unwields an uncursed shortbow.
The centaur completely misses you.
Casting: Blink
Confirm with . or Enter, or press ? or * to list all spells.
Okay, then.
The ogre barely misses you. The centaur hits you!
The centaur wields an uncursed shortbow.
The centaur shoots an arrow.
The arrow hits you!
Ouch! That really hurt!
* * * LOW HITPOINT WARNING * * *
The ogre closely misses you.
There is an open door here.
You see here an arrow.
The centaur shoots an arrow.
The arrow hits you!
You die...
You are now level 6!
You rejoin the land of the living...
Are you sure you want to abandon this character and quit the game? (Confirm with "yes".)

#....# #....### #......#
#......# #......#
#......# #......+
##......################
................@.......
....)...................
........................
........................
.........##+#....######.
..####'###..#....#
###.....(#..#....#
#......O..#....'
#......#.c#


There were no monsters in sight!

Vanquished Creatures
  A sky beast (D:5)
  An ogre (D:4)
  An orc priest (D:3)
  3 hounds (D:4)
  A bullfrog skeleton (D:4)
  An orc wizard (D:4)
  A centaur skeleton (D:4)
  An iguana (D:4)
  2 hound skeletons (D:4)
  5 adders
  4 oozes
  A worm (D:5)
  5 dart slugs
  A leopard gecko (D:3)
  8 orcs
  A ball python (D:2)
  4 giant cockroaches
  9 goblins
  6 hobgoblins
  5 jackals (D:4)
  4 bats
  4 frilled lizards
  A jackal skeleton (D:4)
  3 kobolds (D:1)
  A leopard gecko skeleton (D:4)
  11 rats
85 creatures vanquished.

Vanquished Creatures (collateral kills)
  A bullfrog skeleton (D:4)
  2 worker ants (D:4)
  An orc wizard (D:4)
4 creatures vanquished.

Grand Total: 89 creatures vanquished

Notes
Turn   | Place    | Note
-------+----------+-------------------------------------------
     0 | D:1      | inc the Felid Wizard began the quest for the Orb.
     0 | D:1      | Reached XP level 1. HP: 7/7 MP: 5/5
   169 | D:1      | Reached XP level 2. HP: 4/11 MP: 0/7
   712 | D:1      | Reached skill level 1 in Conjurations
  1001 | D:1      | Reached XP level 3. HP: 14/14 MP: 5/8
  1353 | D:1      | Reached skill level 2 in Conjurations
  2587 | D:3      | Reached XP level 4. HP: 18/18 MP: 0/10
  2748 | D:3      | Reached skill level 3 in Conjurations
  3287 | D:4      | Learned a level 2 spell: Call Imp
  3291 | D:4      | Learned a level 3 spell: Mephitic Cloud
  3409 | D:4      | Reached XP level 5. HP: 14/21 MP: 3/11
  3506 | D:4      | Reached skill level 4 in Conjurations
  3947 | D:4      | Gained mutation: You are covered in thick fur. (AC +2) [Felid growth]
  3947 | D:4      | Reached XP level 6. HP: 13/24 MP: 0/13
  5271 | D:4      | Reached XP level 7. HP: 27/27 MP: 10/14
  5474 | D:4      | Learned a level 2 spell: Slow
  5477 | D:4      | Learned a level 2 spell: Blink
  5568 | D:5      | Entered Level 5 of the Dungeon
  6193 | D:5      | Learned a level 3 spell: Conjure Flame
  6350 | D:5      | Reached skill level 5 in Conjurations
  6454 | D:5      | Shot with an arrow by a centaur
  6455 | D:5      | Reached XP level 6. HP: -3/24 MP: 12/13
  6455 | D:5      | Quit the game

Skill      XL: |  1  2  3  4  5  6  7 |
---------------+----------------------+-----
Stealth        | 3 |  3.3
Dodging        | 3 |  3.0
Conjurations   | 1 2 3 4 5 |  5.0
Spellcasting   | 4 |  4.3
Summonings     | 4 |  4.1
Translocations | |  1.5

Action                   |  1- 3 |  4- 6 |  7- 9 || total
-------------------------+-------+-------+-------++-------
Melee: Unarmed           |     7 |     1 |       ||     8
 Cast: Magic Dart        |   147 |   162 |    35 ||   344
       Call Imp          |       |     9 |       ||     9
       Mephitic Cloud    |       |     1 |     1 ||     2
       Blink             |       |       |     2 ||     2
       Conjure Flame     |       |       |     1 ||     1
  Use: Scroll            |     3 |     1 |     2 ||     6
 Stab: Sleeping          |     1 |       |       ||     1
  Eat: Chunk             |     3 |     8 |       ||    11
Armor: Skin              |       |     3 |     2 ||     5
Dodge: Dodged            |    17 |    43 |    27 ||    87
